 Dungeon Crawl Stone Soup version 0.32-a0-12-g7fc57aa (webtiles) character file.

Game seed: 915857566548677976

801726 Superstore the Wishgranter (level 27, 0/228 HPs)
             Began as a Djinni Fire Elementalist on Jan 14, 2024.
             Was the Champion of Makhleb.
             Killed from afar by a balrug (12 damage)
             ... with a bolt of fire
             ... on level 27 of a ziggurat.
             The game lasted 03:25:44 (66936 turns).

Superstore the Wishgranter (DjFE)                  Turns: 66936, Time: 03:25:45

Health: 0/228      AC: 13    Str:  9    XL:     27
Gold:   8574       EV: 33    Int: 27    God:    Makhleb [******] SH: 23 Dex: 21

rFire   + + .        i - +8 trishula "Condemnation" {holy, anguish, *Noise Fly rN+}
rCold   + + +        J - +5 kite shield {reflect}
rNeg    + + +        O - +4 skin of Zhor {*Englaciate rC+++ SInv}
rPois   ∞            V - +2 hat of the Bear Spirit {Spirit, Bear, *Rage Will++}
rElec   +            M - +2 ratskin cloak {*Rats rPois rN+ Str-1 Int-1 Dex+1}
rCorr   +            A - +2 pair of gloves {infuse}
SInv    +            (boots unavailable)
Will    +++++        I - amulet "Cadih" {Spirit rC+ Regen+}
Stlth   ++++++       d - ring of the Barracuda {rElec rN+ rCorr MP+9}
HPRegen 1.38/turn    T - ring "Enah" {Will+ Str+4 SInv}
MPRegen 0.00/turn

%: random rage (20%), reflection, guardian spirit, infuse magic (-1 HP)
@: in a vortex, corroded, flying, studying 6 skills
A: sickness immunity, fire resistance 2, cold vulnerability 1, float, innate
caster, HP casting, extra vitality 1, iridescent scales 1, agile 1, wild magic 1
}: 4/15 runes: decaying, silver, icy, gossamer
a: Renounce Religion, Minor Destruction, Lesser Servant of Makhleb, Major
Destruction, Greater Servant of Makhleb


You were on level 27 of a ziggurat.
You worshipped Makhleb.
Makhleb was exalted by your worship.
You visited 14 branches of the dungeon, and saw 56 of its levels.
You visited 1 ziggurat, and saw 27 of its levels.
You also visited: Trove, Sewer, Ice Cave and Wizlab.

You collected 11693 gold pieces.
You spent 3119 gold pieces at shops.

Inventory:

Hand Weapons
 i - the +8 trishula "Condemnation" (weapon) {holy, anguish, *Noise Fly rN+}
   (You bought it in a shop on level 1 of the Orcish Mines)

   rN+:       It protects you from negative energy.
   Fly:       It grants you flight.
   *Noise:    It may make a loud noise when swung.
 y - the +8 autumn katana {manifold assault}
   (You found it on level 5 of a ziggurat)
 F - the +7 sceptre of Torment {pain, torment}
   (You found it on level 10 of a ziggurat)
Armour
 g - the +12 gold dragon scales "Macannost" {Harm rPois rF+ rC+ MP+9 Int+3}
   (You found it on level 18 of a ziggurat)

   Int+3:     It affects your intelligence (+3).
   rF+:       It protects you from fire.
   rC+:       It protects you from cold.
   rPois:     It protects you from poison MP+9: It affects your magic capacity
   (+9).
   Harm:      It increases damage dealt and taken.
 A - a +2 pair of gloves of infusion (worn)
 J - a +5 kite shield of reflection (worn)
 M - the +2 ratskin cloak (worn) {*Rats rPois rN+ Str-1 Int-1 Dex+1}
   (You found it in a treasure trove)

   *Rats:     When the wearer is hurt, rats may emerge from it to assist them.
   Str-1:     It affects your strength (-1).
   Int-1:     It affects your intelligence (-1).
   Dex+1:     It affects your dexterity (+1).
   rPois:     It protects you from poison rN+: It protects you from negative
   energy.
 O - the +4 skin of Zhor (worn) {*Englaciate rC+++ SInv}
   (You bought it in a shop on level 1 of the Dungeon)

   *Englaciate: It radiates cold, occasionally slowing all nearby creatures who
   are not resistant to cold.
   rC+++:     It renders you almost immune to cold.
   SInv:      It lets you see invisible.
 V - the +2 hat of the Bear Spirit (worn) {Spirit, Bear, *Rage Will++}
   (You found it on level 12 of a ziggurat)

   Bear:      Going berserk makes the wearer exceptionally tough, and they are
   slowed for a shorter time afterward.
   Will++:    It greatly increases your willpower.
   *Rage:     It berserks you when you make melee attacks (+20% chance).
 X - the +1 pair of gloves "Dingun" {rC+ Dex+2 Stlth+}
   (You found it on level 20 of a ziggurat)

   Dex+2:     It affects your dexterity (+2).
   rC+:       It protects you from cold.
   Stlth+:    It makes you more stealthy.
Magical Staves
 Y - the staff of Liajazxu {Fly rF+ rC+ Ice}
   (You found it on level 7 of Cocytus)

   [staff of cold]

   Base accuracy: +5 Base damage: 5 Base attack delay: 1.2 This weapon's minimum
   attack delay (0.6) is reached at skill level 12.
   rF+:       It protects you from fire.
   rC+:       It protects you from cold.
   Fly:       It grants you flight.
   Ice:       It increases the power of your Ice spells.
   It falls into the 'Staves' category.
   It is a one-handed weapon.
Jewellery
 d - the ring of the Barracuda (left hand) {rElec rN+ rCorr MP+9}
   (You bought it in a shop on level 2 of the Orcish Mines)

   [ring of positive energy]

   rElec:     It insulates you from electricity.
   rN+:       It protects you from negative energy.
   MP+9:      It affects your magic capacity (+9).
   rCorr:     It protects you from acid and corrosion.
 e - the amulet of Pyatu {Faith Harm MP+9 Str+5}
   (You found it on level 24 of a ziggurat)

   [amulet of faith]

   Faith:     It allows you to gain divine favour quickly.
   Str+5:     It affects your strength (+5).
   MP+9:      It affects your magic capacity (+9).
   Harm:      It increases damage dealt and taken.
 G - a +6 ring of strength
 I - the amulet "Cadih" (around neck) {Spirit rC+ Regen+}
   (You took it off an ironbound preserver on level 5 of the Vaults)

   [amulet of guardian spirit]

   Spirit:    It causes incoming damage to be divided between your reserves of
   health and magic.
   rC+:       It protects you from cold.
   Regen+:    It increases your rate of health regeneration.
 N - the amulet "Ziniv" {Reflect rF+ MP-9 Str+3 SH+5 Stlth+}
   (You found it on level 24 of a ziggurat)

   [amulet of reflection]

   Reflect:   It reflects blocked missile attacks.
   Str+3:     It affects your strength (+3).
   rF+:       It protects you from fire.
   MP-9:      It affects your magic capacity (-9).
   SH+5:      It affects your SH (+5).
   Stlth+:    It makes you more stealthy.
 R - the ring of the Rescuing Gods {AC+4 Str+3 Dex+3 SInv}
   (You found it on level 21 of a ziggurat)

   [ring of protection]

   AC+4:      It affects your AC (+4).
   Str+3:     It affects your strength (+3).
   Dex+3:     It affects your dexterity (+3).
   SInv:      It lets you see invisible.
 T - the ring "Enah" (right hand) {Will+ Str+4 SInv}
   (You found it on level 21 of a ziggurat)

   [ring of willpower]

   Str+4:     It affects your strength (+4).
   Will+:     It increases your willpower.
   SInv:      It lets you see invisible.
 Z - an amulet of the acrobat
Wands
 k - a wand of roots (102)
 v - a wand of light (65)
 w - a wand of polymorph (44)
 C - a wand of mindburst (75)
 H - a wand of digging (42)
 L - a wand of paralysis (81)
 U - a wand of flame (199)
Scrolls
 a - 2 scrolls of torment
 c - 33 scrolls of teleportation
 h - 23 scrolls of revelation
 n - 9 scrolls of enchant armour
 o - 5 scrolls of summoning
 p - 5 scrolls of immolation
 x - 6 scrolls of silence
 z - 26 scrolls of fog
 B - 9 scrolls of enchant weapon
 E - 8 scrolls of fear
 K - 10 scrolls of poison
 Q - 10 scrolls of blinking
Potions
 f - 24 potions of curing
 j - 18 potions of lignification
 l - 3 potions of heal wounds
 m - 6 potions of enlightenment
 q - 36 potions of mutation
 r - 2 potions of cancellation
 s - 5 potions of brilliance
 t - 11 potions of ambrosia
 D - a potion of invisibility
 S - 5 potions of haste
 W - 2 potions of resistance
Miscellaneous
 b - a phial of floods
 u - a lightning rod (4/4)
 P - a condenser vane


   Skills:
 O Level 27 Fighting
 + Level 9.3 Polearms
 + Level 7.3 Armour
 + Level 26.8 Dodging
 + Level 13.0 Stealth
 + Level 23.9 Shields
 O Level 27 Spellcasting
 O Level 27 Conjurations
 O Level 27 Hexes
 O Level 27 Summonings
 O Level 27 Necromancy
 O Level 27 Translocations
 O Level 27 Fire Magic
 O Level 27 Ice Magic
 O Level 27 Air Magic
 O Level 27 Earth Magic
 O Level 27 Alchemy
 + Level 6.4 Invocations
 * Level 17.7 Evocations


You knew the following spells:

 Your Spells              Type           Power      Damage    Failure   Level
a - Foxfire               Conj/Fire      100%       2x1d9     1%          1
b - Scorch                Fire           100%       2d9       1%          2
c - Volatile Blastmotes   Fire/Tloc      100%       2d18      1%          3
d - Inner Flame           Hex/Fire       100%       N/A       1%          3
e - Flame Wave            Conj/Fire      100%       2d21      1%          4
f - Slow                  Hex            100%       N/A       1%          1
g - Momentum Strike       Conj/Tloc      100%       3d10      1%          2
h - Searing Ray           Conj           100%       2d8       1%          2
i - Summon Ice Beast      Ice/Summ       100%       N/A       1%          3
j - Arcjolt               Conj/Air       63%        1d73      1%          5
k - Metabolic Englaciati  Hex/Ice        63%        N/A       1%          5
l - Starburst             Conj/Fire      63%        6d17      1%          6
m - Haunt                 Necr/Summ      63%        N/A       1%          7
n - Plasma Beam           Fire/Air       63%        2x1d79    1%          6
o - Monstrous Menagerie   Summ           63%        N/A       1%          7
p - Spellforged Servitor  Conj/Summ      63%        N/A       1%          7
q - Summon Horrible Thin  Summ           63%        N/A       1%          8
r - Polar Vortex          Ice            63%        12d8*     2%          9
Your spell library was empty.

Dungeon Overview and Level Annotations

Branches:
Dungeon (15/15)            Temple (1/1) D:6            Lair (5/5) D:11
  Swamp (4/4) Lair:2       Spider (4/4) Lair:2        Slime (0/5) Lair:5
    Orc (2/2) D:9             Elf (3/3) Orc:2        Vaults (5/5) D:14
  Crypt (3/3) Vaults:3       Tomb (1/3) Crypt:3      Depths (4/4) D:15
   Hell (visited)             Dis (0/7) Hell            Geh (0/7) Hell
    Coc (7/7) Hell            Tar (0/7) Hell            Zot (1/5) Depths:4
  Sewer (visited)           IceCv (visited)          WizLab (visited)

Altars:
Ashenzari
Cheibriados
Dithmenos
Elyvilon
Fedhas
Gozag
Hepliaklqana
Makhleb
Nemelex Xobeh
Okawaru
Qazlal
Ru
Trog
Uskayaw
Wu Jian
Xom
Yredelemnul
Zin
The Shining One
Jiyva
Lugonu

Shops:
D:1 [   D:3 (   D:5 *   D:10 !   D:11 [   D:15 *   Orc:1 *=   Orc:2 =:[*
Elf:2 *   Depths:3 =*

Portals:
Hell: Depths:1 Depths:2 Depths:3 Depths:4
Abyss: Swamp:3 Depths:2 Depths:3
Pandemonium: Depths:2

Annotations:
D:5 1 runed translucent door, aaaa44's ghost, amateur FoHu
Swamp:3 2 transporters, Rehajen's ghost, journeyman FeSu
Spider:3 3 runed translucent doors, Goriov's ghost, journeyman DECj; Ipnyshoba's ghost, adept DsFi; Teudis's ghost, adept OnIE; Ubbricas's ghost, adept DsFi
Elf:2 3 runed translucent doors


Innate Abilities, Weirdness & Mutations

You are immune to sickness and miasma.
You are immune to poison.
Your flesh is very heat resistant. (rF++)
You are vulnerable to cold. (rC-)
You float through the air rather than walking.
You learn spells naturally, not from books.
Your magical power is your life essence.
You have superior vitality. (+4 MHP)
You are partially covered in iridescent scales. (AC +2)
You are agile. (Dex +4, Str/Int -1)
Your spells are a little harder to cast, but a little more powerful.


Message History

The deep elf high priest calls down the wrath of its god upon you.
The sphere of damnation explodes!
The damnation engulfs you!
* * * LOW HITPOINT WARNING * * *
You hear a shout!
Unknown command.
Casting: Plasma Beam (safe; 1% risk of failure)
Confirm with . or Enter, or press ? or * to list all spells.
Okay, then.
You feel much better.
The starcursed mass shudders and is absorbed by its neighbour.
The starcursed mass shudders and withdraws towards its neighbour. x2
The balrug gestures at you.
The fireball explodes!
The fireball engulfs you! You resist.
* * * LOW HITPOINT WARNING * * *
The demonspawn corrupter calls down the wrath of Lugonu upon you.
The entropic weave corrodes you!
You hear a hideous shriek!
You hear a shout!
Unknown command.
Unknown command.
Unknown command.
Casting: Plasma Beam (safe; 1% risk of failure)
Confirm with . or Enter, or press ? or * to list all spells.
Casting: Plasma Beam (safe; 1% risk of failure)
Press: ? - help, Dir - look around, f - activate The bolt of lightning misses the deep elf high priest.
The bolt of lightning hits the Hell Sentinel.
The Hell Sentinel completely resists.
The bolt of lightning hits the starcursed mass!!!
You destroy the starcursed mass!
The starcursed mass disappears in a puff of smoke!
The fiery plasma hits the deep elf high priest!!!!
You kill the deep elf high priest!
The deep elf high priest's corpse disappears in a puff of smoke!
The fiery plasma hits the Hell Sentinel.
The Hell Sentinel completely resists.
* * * LOW HITPOINT WARNING * * *
The starcursed mass shudders and is absorbed by its neighbour.
The balrug gestures at you. The bolt of fire hits you! You resist.
You die...

▓▓...... ▓▓.......
▓▓....# .
▓▓X...###D..
▓▓§1.....))X)
▓▓§§.§...)....
▓▓6§§§.........6.
▓▓§§§§2.........66
▓@§§§§.........62.
▓▓§§§§.........41.
▓▓§§§........1...
▓▓§§...........6
▓▓§.....#.....2
▓▓....###.§☼°1
▓▓....#..☼☼§.
▓......§○○6
▓.....§...


You could see a starcursed mass (summoned), a Hell Sentinel, a demonspawn
corrupter and a balrug.

Vanquished Creatures
  Antaeus (Coc:7)
  11 dread liches
  2 ancient liches
  An orb of fire (Zot:1)
  2 royal mummies
  Boris (Crypt:3)
  Josephina (Depths:4)
  21 shard shrikes
  A caustic shrike (Zig:22)
  26 golden dragons
  12 bone dragons
  Geryon (Hell)
  3 profane servitors
  2 Brimstone Fiends (Zig:27)
  A pearl dragon (Zig:17)
  11 doom hounds
  An iron giant (Zig:22)
  A shard shrike zombie (Hell)
  5 Tzitzimimeh
  Jorgrun (D:14)
  27 Ice Fiends
  12 tentacled monstrosities
  A Hell Sentinel (Zig:27)
  3 hellephants
  A walking crystal tome (Depths:3)
  14 liches
  Rupert (D:14)
  Asterion (Vaults:1)
  9 tainted leviathans
  3 deep elf blademasters
  A shard shrike skeleton (Crypt:3)
  4 Executioners (Zig:27)
  9 walking frostbound tomes
  11 titans
  4 deep elf master archers
  An acid blob (Zig:2)
  4 quicksilver dragons (Zot:1)
  8 sphinxes
  17 ancient champions
  2 death cobs (Zot:1)
  2 tentacled starspawn (Zig:17)
  Kirke (D:12)
  5 tengu reavers
  8 shadow dragons
  Donald (Swamp:2)
  11 fenstrider witches
  4 storm dragons
  3 draconian monks
  10 nagarajas
  17 narguns
  7 azure jellies
  7 revenants
  2 iron dragons (Vaults:5)
  7 draconian shifters
  7 fire giants
  6 deep elf sorcerers
  7 draconian knights
  2 protean progenitors (Zot:1)
  12 frost giants
  10 vault wardens
  12 emperor scorpions
  18 ghost moths
  4 balrugs
  4 deep elf elementalists (Elf:3)
  10 shard shrike simulacra
  2 caustic shrike zombies
  11 draconian scorchers
  17 curse skulls
  4 cacodemons
  5 demonspawn blood saints (Zig:27)
  8 ghouls
  A juggernaut zombie (Hell)
  11 ironbound preservers
  2 spriggan defenders (Depths:2)
  5 caustic shrike skeletons
  4 broodmothers
  A formless jellyfish (Vaults:4)
  9 draconian stormcallers
  19 reapers
  6 draconian annihilators
  2 orc warlords
  16 very ugly things
  14 stone giants
  14 vampire knights
  7 demonspawn corrupters
  5 ironbound thunderhulks
  11 putrid mouths
  16 elemental wellsprings
  7 black draconians
  12 dire elephants
  9 green draconians
  9 deep elf demonologists
  8 demonspawn black suns
  2 purple draconians
  11 deep elf death magi
  10 bunyips
  8 white draconians
  24 wendigos
  8 spark wasps
  6 deep elf annihilators (Elf:3)
  5 lorocyprocas
  8 yellow draconians
  4 merfolk javelineers (Zig:11)
  7 eleionomae
  2 red draconians
  23 eidola
  8 ettins
  9 green deaths
  3 shambling mangroves
  10 blizzard demons
  14 entropy weavers
  An iron golem (Hell)
  Snorg (D:14)
  11 jiangshi
  10 fire dragons
  7 mummy priests
  17 yaktaur captains
  A merfolk impaler (Zig:11)
  Fannar (D:12)
  6 deep elf high priests
  2 entropy weavers (shapeshifter) (D:14)
  A servant of whispers (Zig:11)
  A hell beast (Zig:27)
  4 spriggan zombies
  3 rakshasas
  5 great orbs of eyes
  A spectral sphinx (Zig:26)
  18 vault guards
  A sphinx zombie (Hell)
  4 ogre magi
  12 ironbound frosthearts
  18 hydras
  2 ghost crabs
  Harold (Lair:2)
  A peacekeeper (Vaults:2)
  3 spriggan skeletons
  14 salamander tyrants
  A spectral shadow dragon (Zig:26)
  10 ice dragons
  11 alligators
  3 jorogumos
  7 juggernaut simulacra
  An alligator snapping turtle (Zig:11)
  2 catoblepae
  15 caustic shrike simulacra
  10 radroaches
  A spectral tengu (Zig:26)
  2 spriggan air magi
  19 centaur warriors
  2 anacondas (Zig:18)
  3 death knights
  7 two-headed ogres
  Erica (D:8)
  A naga warrior (Zig:14)
  2 dancing weapons (Zig:7)
  17 vampire magi
  8 boulder beetles
  An Orb Guardian skeleton (Crypt:2)
  8 shock serpents
  A spriggan berserker (Depths:3)
  7 hell hogs
  6 death scarabs
  A deep troll shaman (Depths:3)
  17 demonic crawlers
  7 tengu warriors
  11 thrashing horrors
  4 deep troll earth magi
  7 orc high priests
  9 hell knights
  5 wretched stars
  7 naga sharpshooters
  14 soul eaters
  Nergalle (Lair:1)
  Sonja (Lair:1)
  A titan zombie (Tomb:1)
  2 deep elf knights (Elf:2)
  8 iron trolls
  2 skysharks
  10 shadow wraiths
  14 sun demons
  3 goliath frogs
  Lodul (D:14)
  A salamander mystic (Zig:14)
  5 sixfirhies
  A spark wasp zombie (Hell)
  13 pharaoh ants
  4 quicksilver dragon simulacra
  2 spatial maelstroms
  A skyshark (shapeshifter) (WizLab)
  34 skeletal warriors
  3 death drakes
  9 spriggan druids
  A deep troll (shapeshifter) (Depths:1)
  18 orb spiders
  8 swamp dragons
  22 deep trolls
  13 flayed ghosts
  7 deep elf archers
  5 glowing orange brains
  6 sun moths
  A sea snake (Zig:11)
  9 bog bodies
  A spectral alligator (Swamp:4)
  3 orange crystal statues (Zig:3)
  3 spectral hydras (Swamp:4)
  21 deep elf pyromancers
  4 lindwurms
  A spectral iron dragon (Zig:26)
  A mana viper (Zig:18)
  9 ironbound convokers
  6 arcanists
  4 shadow demons
  11 phantasmal warriors
  11 spriggan simulacra
  2 alligator zombies (Swamp:4)
  A broodmother zombie (Crypt:1)
  9 steelbarb worms
  2 bunyip skeletons
  2 harpies (shapeshifter)
  A harpy (D:13)
  6 necromancers
  4 fire giant zombies (Hell)
  23 deep elf zephyrmancers
  36 wolf spiders
  2 worldbinders
  14 orc knights
  A tengu skeleton (Crypt:1)
  A shining eye (Zig:2)
  10 moths of wrath
  36 ugly things
  3 salamanders
  A stone giant zombie (Hell)
  14 manticores
  A manticore (shapeshifter) (Vaults:5)
  5 orc sorcerers
  11 large abominations
  10 will-o-the-wisps
  4 kobold blastminers
  2 centaur zombies
  A meliai (shapeshifter) (D:13)
  3 ice statues
  8 cyclopes
  24 vault sentinels
  An elephant (Lair:5)
  4 titan simulacra
  An apocalypse crab (Zig:17)
  6 guardian serpents
  4 meliai
  A merfolk siren (Zig:11)
  A storm dragon simulacrum (Depths:4)
  3 water nymphs
  25 black mambas
  4 rust devils (Hell)
  8 smoke demons
  3 dire elephant skeletons (Crypt:3)
  4 torpor snails
  5 naga magi
  4 orange demons
  2 gargoyles (D:13)
  2 centaur skeletons (Crypt:3)
  8 cane toads
  A green draconian zombie (Crypt:1)
  2 unseen horrors
  6 komodo dragons
  An alligator snapping turtle skeleton (Crypt:3)
  14 hellions
  6 rime drakes
  2 swamp worm zombies (Swamp:4)
  4 anaconda simulacra
  3 tengu conjurers
  Jeremiah (D:6)
  3 efreet
  12 freezing wraiths
  33 yaktaurs
  2 kobold demonologists
  An unseen horror (shapeshifter) (D:13)
  2 bunyip simulacra
  An iron giant simulacrum (Coc:5)
  23 tormentors
  A catoblepas skeleton (Crypt:1)
  18 ice devils
  6 guardian mummies
  A golden dragon simulacrum (Coc:6)
  7 ancient zymes
  A minotaur skeleton (Tomb:1)
  A hydra zombie (Swamp:4)
  8 trolls
  A polar bear (shapeshifter) (D:13)
  A tengu simulacrum (Depths:4)
  6 red devils
  2 merfolk (Zig:11)
  2 wind drakes (Zig:11)
  47 hornets
  10 polar bears
  A harpy zombie (Crypt:2)
  7 tyrant leeches
  2 hellwings (Zig:27)
  Grinder (D:4)
  3 bloated husks (Zig:16)
  2 harpy skeletons (Crypt:3)
  7 raiju
  A blink frog (shapeshifter) (D:14)
  2 shadow dragon simulacra (Coc:1)
  2 spectral swamp dragons (Swamp:4)
  A glass eye (Depths:1)
  3 stone giant simulacra
  42 tarantellas
  6 dream sheep (Lair:5)
  12 blink frogs
  A snapping turtle (Zig:11)
  41 slime creatures
  2 ettin zombies
  3 iron dragon simulacra
  31 spriggans
  An air elemental (Elf:2)
  3 water elementals
  42 culicivoras
  3 centaur simulacra
  60 yaks
  52 jumping spiders
  9 wyverns
  A shadow (D:9)
  6 ynoxinuls
  8 ushabtiu
  2 yaks (shapeshifter)
  4 hogs (D:12)
  A human (D:12)
  7 dire elephant simulacra
  A fire elemental (Elf:2)
  2 wargs
  3 ettin skeletons (Crypt:3)
  4 tyrant leech zombies (Swamp:4)
  7 basilisks
  A golden eye (Zig:9)
  2 steam dragons
  3 wraiths
  A black mamba skeleton (Crypt:3)
  A warg (shapeshifter) (D:13)
  A basilisk (shapeshifter) (D:13)
  4 neqoxecs
  76 redbacks
  16 vampire mosquitoes
  2 death yak simulacra (IceCv)
  A chaos spawn (Zig:27)
  A two-headed ogre zombie (Crypt:2)
  9 swamp worms
  A human zombie (Hell)
  4 acid dragons
  5 nagas
  A swamp worm (shapeshifter) (Vaults:5)
  7 hydra simulacra
  5 hell hounds
  18 harpy simulacra
  2 swamp drakes
  13 water moccasins
  4 naga skeletons
  A sky beast (D:7)
  6 black bears
  3 ettin simulacra
  37 orc warriors
  2 ice beasts (D:7)
  A faun skeleton (Crypt:1)
  25 laughing skulls
  31 ogres
  6 boggarts
  4 swamp dragon zombies (Swamp:4)
  23 wolves
  15 centaurs
  A manticore skeleton (Crypt:2)
  A snapping turtle skeleton (Crypt:2)
  8 phantoms
  3 kobold brigands
  2 brain worms (Sewer)
  8 bullfrogs
  2 gnoll sergeants
  9 cane toad simulacra (IceCv)
  A two-headed ogre simulacrum (IceCv)
  4 scorpions
  2 glowing shapeshifter simulacra (Depths:4)
  2 wights (D:6)
  2 elephant simulacra (IceCv)
  A polar bear zombie (Crypt:3)
  6 killer bees (D:8)
  11 howler monkeys
  4 electric eels
  A lava snake (D:7)
  5 hounds
  26 orc priests
  A bombardier beetle (D:5)
  2 jellies (D:5)
  A sleepcap (D:7)
  10 starcursed masses
  A human skeleton (Crypt:1)
  15 hell rats
  6 iguanas
  14 orc wizards
  4 polar bear simulacra (IceCv)
  3 wolf simulacra (IceCv)
  A deep dwarf zombie (Crypt:2)
  19 mummies
  A howler monkey zombie (Crypt:2)
  4 gnolls (D:7)
  4 naga simulacra
  10 river rats
  9 adders
  3 shadow imps
  3 white imps
  4 ufetubi
  4 ribbon worms
  4 dart slugs
  64 orcs
  7 ball pythons
  5 endoplasms
  2 giant cockroaches
  8 goblins
  7 hobgoblins
  4 jackals
  26 kobolds
  5 quokkas
  A bat (D:2)
  11 frilled lizards
  A frilled lizard skeleton (Crypt:3)
  12 rats
  4 aspiring fleshes (Zot:1)
  A creeping inferno (Hell)
  2 fire vortices (Hell)
  52 foxfires
  3 starspawn tentacles (Zig:17)
3174 creatures vanquished.

Vanquished Creatures (collateral kills)
  An ancient lich (Crypt:3)
  An orb of fire (Zot:1)
  A juggernaut (Depths:4)
  Boris (Depths:1)
  Saint Roka (Orc:2)
  2 bone dragons
  2 golden dragons
  2 hellephants (Depths:4)
  A tentacled monstrosity (Swamp:3)
  6 liches
  A quicksilver dragon (Depths:3)
  2 titans (Vaults:5)
  2 sphinxes
  An ancient champion (Crypt:3)
  A shadow dragon (Depths:4)
  3 tengu reavers
  Aizul (Spider:1)
  A deep elf sorcerer (Elf:1)
  4 fire giants
  An iron dragon (Hell)
  4 frost giants
  A draconian shifter (Depths:4)
  3 vault wardens (Vaults:5)
  Louise (Swamp:1)
  A curse skull (Crypt:3)
  An ironbound preserver (Vaults:5)
  4 very ugly things
  3 stone giants
  A broodmother (Spider:2)
  7 vampire knights
  An eleionoma (Swamp:3)
  A war gargoyle (Vaults:5)
  An ettin (Depths:2)
  A fire dragon (D:15)
  6 mummy priests
  2 iron golems
  3 yaktaur captains (Vaults:4)
  A shambling mangrove (Swamp:4)
  A deep elf high priest (Vaults:5)
  6 vault guards (Vaults:5)
  A rakshasa (WizLab)
  3 ice dragons
  A great orb of eyes (Vaults:4)
  5 alligators
  3 hydras
  2 ogre magi (Orc:2)
  2 spriggan air magi
  2 deep troll earth magi
  A death knight (Crypt:1)
  6 two-headed ogres (Orc:2)
  4 tengu warriors
  3 death scarabs (Tomb:1)
  4 deep troll shamans
  5 hell hogs (Depths:4)
  10 dancing weapons
  4 vampire magi
  2 spriggan berserkers
  7 spriggans
  A deep elf knight (Swamp:3)
  A soul eater (Crypt:3)
  4 hell knights
  A crystal echidna (Zig:22)
  An anaconda zombie (Crypt:3)
  4 iron trolls (Depths:1)
  7 deep trolls
  A salamander mystic (Depths:3)
  2 orb spiders (Spider:2)
  9 skeletal warriors
  A mana viper (shapeshifter) (Depths:3)
  A death drake (WizLab)
  A deep elf archer (Elf:1)
  A golden dragon skeleton (Crypt:1)
  A spectral hydra (Swamp:4)
  2 flayed ghosts
  3 spriggan druids
  A phantasmal warrior (Swamp:4)
  An ironbound convoker (Vaults:5)
  2 bog bodies
  A deep elf pyromancer (Elf:1)
  2 necromancers (Vaults:5)
  A lindwurm (Vaults:3)
  A steelbarb worm (shapeshifter) (Depths:1)
  A wolf spider (Spider:2)
  3 will-o-the-wisps
  An orc sorcerer (Orc:1)
  A shadow dragon skeleton (Crypt:3)
  A manticore (D:15)
  A nameless horror (Orc:2)
  4 ugly things
  2 kobold blastminers (Orc:1)
  A shock serpent zombie (Crypt:3)
  A vault sentinel (Vaults:5)
  A water nymph (Swamp:1)
  A cane toad (shapeshifter) (D:15)
  3 dire elephant skeletons
  3 yaktaurs
  2 tengu conjurers
  2 swamp worm zombies (Swamp:4)
  A troll (Orc:1)
  A hydra zombie (Swamp:4)
  6 guardian mummies
  2 freezing wraiths
  A tarantella (Spider:2)
  6 hornets
  5 tyrant leeches
  A glass eye (Depths:1)
  A harpy skeleton (Tomb:1)
  A shadow dragon simulacrum (Depths:4)
  2 jumping spiders
  A water elemental (Elf:2)
  A wraith (Crypt:1)
  A ynoxinul (Depths:2)
  3 ushabtiu (Tomb:1)
  A fire elemental (Elf:1)
  A vampire mosquito (Swamp:3)
  2 wargs (Orc:1)
  A harpy simulacrum (Tomb:1)
  9 swamp worms
  A naga skeleton (Crypt:3)
  12 laughing skulls
  A swamp dragon zombie (Swamp:4)
  5 orc warriors
  14 ogres (Orc:2)
  A boggart (WizLab)
  A rime drake skeleton (Crypt:3)
  An earth elemental (Elf:1)
  An orc priest (Orc:2)
  A human skeleton (Crypt:1)
  An iguana (Orc:1)
  A black bear skeleton (Crypt:3)
  7 orc wizards
  An ice beast zombie (Crypt:1)
  3 mummies (Crypt:3)
  12 orcs
  12 foxfires
349 creatures vanquished.

Vanquished Creatures (others)
  A golden dragon (Vaults:5)
  A draconian knight (Zig:23)
  A fire giant (Vaults:5)
  A green death (Zig:16)
  A vault guard (Vaults:5)
  A salamander tyrant (Zig:18)
  A juggernaut simulacrum (Coc:7)
  An ironbound frostheart (Zig:23)
  2 spriggan simulacra
  A rime drake (Zig:23)
  An iron giant simulacrum (Coc:7)
  A freezing wraith (Vaults:5)
  An anaconda simulacrum (Coc:3)
  2 bloated husks (Swamp:4)
  A naga simulacrum (Coc:3)
  A steam dragon (Zig:10)
  A hydra simulacrum (Coc:2)
  1539 foxfires
  A starspawn tentacle (Zig:17)
1559 creatures vanquished.

Grand Total: 5082 creatures vanquished

Notes
Turn   | Place    | Note
-------+----------+-------------------------------------------
     0 | D:1      | Superstore the Djinni Fire Elementalist began the quest for
                  | the Orb.
     0 | D:1      | Superstore set off with the following spells memorised:
                  | Foxfire, Scorch, Volatile Blastmotes, Inner Flame, Flame
                  | Wave.
     0 | D:1      | Reached XP level 1. HP: 15/15 MP: 0/0
   182 | D:1      | Found Cuhashia's Armour Shoppe.
   260 | D:1      | Reached XP level 2. HP: 14/22 MP: 0/0
   645 | D:1      | Reached skill level 1 in Fighting
   645 | D:1      | Reached XP level 3. HP: 24/27 MP: 0/0
   645 | D:1      | Learned a level 1 spell: Slow
   918 | D:2      | Found a blossoming altar of Fedhas.
  1218 | D:2      | Found a faded altar of an unknown god.
  1248 | D:2      | Reached XP level 4. HP: 33/33 MP: 0/0
  1739 | D:2      | You are sucked into a shaft and drop 2 floors!
  1757 | D:4      | Noticed Grinder
  1771 | D:4      | Killed Grinder
  1772 | D:4      | Reached XP level 5. HP: 13/40 MP: 0/0
  1772 | D:4      | Learned a level 2 spell: Momentum Strike
  1772 | D:4      | Reached XP level 6. HP: 16/46 MP: 0/0
  2330 | D:3      | Found a sparkling altar of Nemelex Xobeh.
  2379 | D:3      | Reached XP level 7. HP: 49/51 MP: 0/0
  2379 | D:3      | Learned a level 2 spell: Searing Ray
  2618 | D:3      | Found Luguos's Antique Weapon Shoppe.
  2623 | D:3      | Bought a crystal whip for 157 gold pieces
  2623 | D:3      | Identified the +7 whip of Distant Worlds {freeze, rF+} (You
                  | bought it in a shop on level 3 of the Dungeon)
  2868 | D:4      | Found a hide-covered altar of Uskayaw.
  2890 | D:4      | Reached skill level 5 in Spellcasting
  2890 | D:4      | Reached skill level 5 in Conjurations
  2890 | D:4      | Reached skill level 5 in Hexes
  2890 | D:4      | Reached skill level 5 in Summonings
  2890 | D:4      | Reached skill level 5 in Necromancy
  2890 | D:4      | Reached skill level 5 in Translocations
  2890 | D:4      | Reached skill level 5 in Fire Magic
  2890 | D:4      | Reached skill level 5 in Ice Magic
  2890 | D:4      | Reached skill level 5 in Air Magic
  2890 | D:4      | Reached skill level 5 in Earth Magic
  2890 | D:4      | Reached skill level 5 in Alchemy
  2891 | D:4      | Identified the +10 spear "Jesk" {flame, *Rage rCorr Int+2
                  | Stlth+}
  3035 | D:5      | Entered Level 5 of the Dungeon
  3113 | D:5      | Found Tyivui's Assorted Antiques.
  3117 | D:5      | Reached skill level 5 in Fighting
  3122 | D:5      | Bought a white potion for 21 gold pieces
  3122 | D:5      | Bought a scroll labelled XIGUSU JIUGAHY for 24 gold pieces
  3161 | D:5      | Reached XP level 8. HP: 26/59 MP: 0/0
  3349 | D:5      | Found a glowing drain.
  3365 | Sewer    | Entered a sewer
  3932 | D:5      | Found a runed translucent door.
  3932 | D:5      | Noticed aaaa44's ghost (amateur FoHu)
  3948 | D:5      | Found a broken altar of Ashenzari.
  4386 | D:6      | Noticed Jeremiah
  4396 | D:6      | Killed Jeremiah
  4562 | D:6      | Reached XP level 9. HP: 67/67 MP: 0/0
  4562 | D:6      | Learned a level 3 spell: Summon Ice Beast
  4688 | D:6      | Found a staircase to the Ecumenical Temple.
  4760 | Temple   | Entered the Ecumenical Temple
  4768 | Temple   | Became a worshipper of Makhleb the Destroyer
  5196 | D:7      | Identified the +6 spear "Pulo" {spect, *Corrode rC++ Dex+4}
  5313 | D:7      | Noticed a hornet
  5334 | D:7      | Reached * piety under Makhleb
  5600 | D:7      | Killed a hornet
  6004 | D:7      | Reached XP level 10. HP: 74/77 MP: 0/0
  6551 | D:8      | Noticed Erica
  6558 | D:8      | Killed Erica
  6559 | D:8      | Reached skill level 10 in Fighting
  7237 | D:8      | Reached ** piety under Makhleb
  7359 | D:9      | Reached XP level 11. HP: 80/86 MP: 0/0
  7359 | D:9      | Learned a level 5 spell: Arcjolt
  7577 | D:9      | Noticed a two-headed ogre
  7582 | D:9      | Killed a two-headed ogre
  7583 | D:9      | Reached skill level 10 in Spellcasting
  7583 | D:9      | Reached skill level 10 in Conjurations
  7583 | D:9      | Reached skill level 10 in Hexes
  7583 | D:9      | Reached skill level 10 in Summonings
  7583 | D:9      | Reached skill level 10 in Necromancy
  7583 | D:9      | Reached skill level 10 in Translocations
  7583 | D:9      | Reached skill level 10 in Fire Magic
  7583 | D:9      | Reached skill level 10 in Ice Magic
  7583 | D:9      | Reached skill level 10 in Air Magic
  7583 | D:9      | Reached skill level 10 in Earth Magic
  7583 | D:9      | Reached skill level 10 in Alchemy
  7960 | D:9      | Reached *** piety under Makhleb
  7998 | D:9      | Found a staircase to the Orcish Mines.
  8144 | D:10     | Entered Level 10 of the Dungeon
  8166 | D:10     | Found a transporter.
  8166 | D:10     | Found Wammas's Distillery.
  8201 | D:10     | Found a transporter.
  8905 | D:11     | Noticed a cyan ugly thing
  8905 | D:11     | Found Atsos's Armour Shop.
  8910 | D:11     | Killed a cyan ugly thing
  8983 | D:11     | Found a portal to a secret trove of treasure.
  9075 | D:11     | Found a staircase to the Lair.
  9228 | D:11     | Reached XP level 12. HP: 95/95 MP: 0/0
  9271 | D:11     | Reached skill level 1 in Armour
  9713 | D:11     | Reached **** piety under Makhleb
 10070 | D:12     | Identified the +0 leather armour of Impish Satisfaction
                  | {rF++ rC+ rCorr}
 10267 | D:12     | Noticed Fannar
 10271 | D:12     | Killed Fannar
 10425 | D:12     | Noticed Kirke
 10794 | D:1      | Bought the +4 skin of Zhor {*Englaciate rC+++ SInv} for 798
                  | gold pieces
 10794 | D:1      | Found the +4 skin of Zhor {*Englaciate rC+++ SInv}
 10990 | Lair:1   | Entered Level 1 of the Lair of Beasts
 11131 | Lair:1   | Reached XP level 13. HP: 103/103 MP: 0/0
 11131 | Lair:1   | Learned a level 5 spell: Metabolic Englaciation
 11173 | Lair:1   | Reached ***** piety under Makhleb
 11190 | Lair:1   | Noticed Sonja
 11193 | Lair:1   | Killed Sonja
 11528 | Lair:1   | Noticed Nergalle
 11538 | Lair:1   | Killed Nergalle
 12071 | Lair:1   | Noticed a four-headed hydra
 12081 | Lair:1   | Killed a four-headed hydra
 12171 | Lair:2   | Noticed a catoblepas
 12392 | Lair:2   | Killed a catoblepas
 12647 | Lair:2   | Found a staircase to the Swamp.
 12762 | Lair:2   | Found a hole to the Spider Nest.
 12765 | Lair:2   | Noticed Harold
 12774 | Lair:2   | Killed Harold
 12775 | Lair:2   | Reached skill level 15 in Fighting
 13403 | Lair:3   | Found a frozen archway.
 13430 | IceCv    | Entered an ice cave
 13434 | IceCv    | Reached XP level 14. HP: 112/114 MP: 0/0
 14297 | IceCv    | Reached ****** piety under Makhleb
 16302 | Lair:5   | Entered Level 5 of the Lair of Beasts
 16576 | Lair:5   | Reached XP level 15. HP: 110/122 MP: 0/0
 16576 | Lair:5   | Learned a level 6 spell: Starburst
 17304 | Lair:5   | Found a viscous altar of Jiyva.
 17306 | Lair:5   | Found a staircase to the Slime Pits.
 18163 | D:12     | Noticed a sphinx
 18165 | D:12     | Killed Kirke
 18290 | D:13     | Reached skill level 15 in Spellcasting
 18290 | D:13     | Reached skill level 15 in Conjurations
 18290 | D:13     | Reached skill level 15 in Hexes
 18290 | D:13     | Reached skill level 15 in Summonings
 18290 | D:13     | Reached skill level 15 in Necromancy
 18290 | D:13     | Reached skill level 15 in Translocations
 18290 | D:13     | Reached skill level 15 in Fire Magic
 18290 | D:13     | Reached skill level 15 in Ice Magic
 18290 | D:13     | Reached skill level 15 in Air Magic
 18290 | D:13     | Reached skill level 15 in Earth Magic
 18290 | D:13     | Reached skill level 15 in Alchemy
 19385 | D:13     | Reached skill level 1 in Shields
 19637 | D:13     | Reached XP level 16. HP: 107/132 MP: 0/0
 20122 | D:13     | Noticed a fire giant
 20123 | D:13     | Noticed a tengu reaver
 20151 | D:13     | Killed a tengu reaver
 20398 | D:13     | Killed a fire giant
 20645 | D:13     | Identified the staff "Nyddem" {rF- rN+ Str+3 Hexes Earth}
 20793 | D:14     | Noticed Lodul
 20970 | D:14     | Found an iron altar of Okawaru.
 20994 | D:14     | Killed Lodul
 21340 | D:14     | Noticed Snorg
 21356 | D:14     | Killed Snorg
 21843 | D:14     | Noticed Jorgrun
 21845 | D:14     | Noticed Rupert
 21854 | D:14     | Killed Jorgrun
 21854 | D:14     | Killed Rupert
 22031 | D:14     | Found a gate to the Vaults.
 22989 | D:15     | Entered Level 15 of the Dungeon
 23538 | D:15     | Reached XP level 17. HP: 96/139 MP: 0/0
 23538 | D:15     | Learned a level 7 spell: Haunt
 23916 | D:15     | Found a staircase to the Depths.
 24082 | D:15     | Found Ilafoewi's General Store.
 24085 | D:15     | Bought a scroll of teleportation for 60 gold pieces
 24409 | Orc:1    | Entered Level 1 of the Orcish Mines
 24481 | Orc:1    | Found Illargh Kimi's Jewellery Boutique.
 24635 | Orc:1    | Found Oxuraggo's General Store.
 24641 | Orc:1    | Bought a potion of curing for 36 gold pieces
 24996 | Orc:1    | Found a bloodstained altar of Trog.
 25128 | Orc:2    | Entered Level 2 of the Orcish Mines
 25668 | Orc:2    | Found Fofuur's General Store.
 25668 | Orc:2    | Found Xaophusem's Book Boutique.
 25668 | Orc:2    | Found Kito Mio's Antique Armour Boutique.
 25668 | Orc:2    | Found Jynid's Jewellery Shoppe.
 25677 | Orc:2    | Bought the ring of the Barracuda {rElec rN+ rCorr MP+9} for
                  | 994 gold pieces
 25704 | Orc:2    | Noticed Saint Roka
 25769 | Orc:2    | Killed Saint Roka
 25943 | Orc:2    | Found a staircase to the Elven Halls.
 26456 | Orc:1    | Bought the +8 trishula "Condemnation" {holy, anguish,
                  | *Noise Fly rN+} for 1029 gold pieces
 26456 | Orc:1    | Found the +8 trishula "Condemnation" {holy, anguish, *Noise
                  | Fly rN+}
 26596 | Swamp:1  | Entered Level 1 of the Swamp
 27021 | Swamp:1  | Noticed Louise
 27031 | Swamp:1  | Killed Louise
 27668 | Swamp:2  | Noticed Donald
 27681 | Swamp:2  | Killed Donald
 27706 | Swamp:2  | Reached XP level 18. HP: 73/149 MP: 0/0
 28768 | Swamp:3  | Found a transporter.
 28768 | Swamp:3  | Identified the +3 chain mail of the Fiend {Harm rN+ Stlth+}
 28773 | Swamp:3  | Found a transporter.
 29005 | Swamp:3  | Found a one-way gate to the infinite horrors of the Abyss.
 29026 | Swamp:3  | Noticed a tentacled monstrosity
 29038 | Swamp:3  | Killed a tentacled monstrosity
 29137 | Swamp:3  | Noticed Rehajen's ghost (journeyman FeSu)
 29626 | Swamp:3  | Identified the +6 mace "Noluoh" {drain, rCorr Int+3}
 29705 | Swamp:4  | Entered Level 4 of the Swamp
 29855 | Swamp:4  | Reached skill level 5 in Dodging
 30844 | Swamp:4  | Reached XP level 19. HP: 135/157 MP: 0/0
 30844 | Swamp:4  | Learned a level 6 spell: Plasma Beam
 30910 | Swamp:4  | Noticed a bone dragon
 30926 | Swamp:4  | Killed a bone dragon
 31029 | Swamp:4  | Identified the +5 scale mail "Obridaiv" {Will+}
 31057 | Swamp:4  | Got a decaying rune of Zot
 31262 | Spider:1 | Entered Level 1 of the Spider Nest
 31556 | Spider:1 | Identified the serpent talisman "Xaffomesm" {rF+ rC++ SInv}
 31556 | Spider:1 | Noticed Aizul
 31565 | Spider:1 | Killed Aizul
 32328 | Spider:2 | Found the +7 captain's cutlass {speed, disarm}
 33180 | Spider:3 | Reached XP level 20. HP: 163/166 MP: 0/0
 33533 | Spider:3 | Identified the +0 robe of Day {rPois}
 33598 | Spider:3 | Identified the +2 mace of Earthquakes {heavy, rF+ SInv}
 34065 | Spider:3 | Found a runed translucent gate.
 34065 | Spider:3 | Found a runed translucent gate.
 34065 | Spider:3 | Found a runed translucent gate.
 34186 | Spider:3 | Noticed Ubbricas's ghost (adept DsFi)
 34186 | Spider:3 | Noticed Ipnyshoba's ghost (adept DsFi)
 34186 | Spider:3 | Noticed Teudis's ghost (adept OnIE)
 34186 | Spider:3 | Noticed Goriov's ghost (journeyman DECj)
 34320 | Spider:4 | Entered Level 4 of the Spider Nest
 34814 | Spider:4 | Identified the +1 chain mail of Impatience {Dex+4}
 35254 | Spider:4 | Identified the scarf of Ihi Jausi {shadows, rElec Regen+
                  | Slay-6}
 35283 | Spider:4 | Identified the +3 pair of gloves of Zextyl {Harm *Slow
                  | rCorr}
 35290 | Spider:4 | Got a gossamer rune of Zot
 35761 | Elf:1    | Entered Level 1 of the Elven Halls
 35853 | Elf:1    | Reached XP level 21. HP: 173/174 MP: 0/0
 35853 | Elf:1    | Learned a level 7 spell: Monstrous Menagerie
 36799 | Elf:2    | Paralysed by an air elemental for 1 turns
 37180 | Elf:2    | Found Reesic's General Store.
 37452 | Elf:2    | Found a runed translucent gate.
 37452 | Elf:2    | Found a runed translucent gate.
 37455 | Elf:2    | Found a runed translucent gate.
 37654 | Elf:3    | Entered Level 3 of the Elven Halls
 38039 | Elf:3    | Identified the +0 leather armour "Wudd" {rN+ Int-3 Dex+2}
 38514 | Elf:3    | Found the +3 giant club "Skullcrusher" {speed, Str+7}
 38601 | Elf:3    | Found the +0 mask of the Dragon {Will+ Slay+3 SInv}
 38605 | Elf:3    | Identified the +7 long sword of the Brain {drain, rF+
                  | Dex+4}
 38625 | Elf:3    | Identified the +6 morningstar "Reqal" {antimagic, rF++ rC-
                  | Dex+2}
 38686 | Elf:3    | Identified the +0 ring mail of Gehenna {rC++ rN+ Int+5}
 39100 | Vaults:1 | Entered Level 1 of the Vaults
 39120 | Vaults:1 | Reached XP level 22. HP: 134/184 MP: 0/0
 39743 | Vaults:1 | Noticed Asterion
 39746 | Vaults:1 | Killed Asterion
 41364 | Vaults:3 | Identified the +6 whip of Vengeance {antimagic, rN+ Str+4
                  | Dex-5}
 42089 | Vaults:3 | Found a staircase to the Crypt.
 42146 | Vaults:3 | Reached XP level 23. HP: 192/192 MP: 0/0
 42146 | Vaults:3 | Learned a level 7 spell: Spellforged Servitor
 42511 | D:11     | You paid a toll of 4 scrolls of blinking to enter a
                  | treasure trove
 42512 | Trove    | Entered a treasure trove
 42514 | Trove    | Found the +2 ratskin cloak {*Rats rPois rN+ Str-1 Int-1
                  | Dex+1}
 42537 | Trove    | Found the +3 pair of gauntlets of War {Slay+5}
 42547 | Trove    | Identified the +0 pair of gloves "Gute" {Rampage rF+ Dex-3}
 44050 | Depths:1 | Entered Level 1 of the Depths
 44059 | Depths:1 | Noticed Boris
 44098 | Depths:1 | Killed Boris
 44600 | Depths:1 | Found a corrupted altar of Lugonu.
 44647 | Depths:1 | Found a one-way gateway to a ziggurat.
 44804 | Depths:1 | Identified the +2 leather armour of the Equator {rPois
                  | Will- Str+4 Dex+6}
 45022 | Depths:1 | Found a gateway to Hell.
 45577 | Depths:2 | Reached XP level 24. HP: 164/201 MP: 0/0
 45778 | Depths:2 | Found a magical portal.
 45802 | WizLab   | Entered The Roulette of Golubria
 45802 | WizLab   | Found a transporter.
 45856 | WizLab   | Found a corrupted altar of Lugonu.
 45912 | WizLab   | Found a transporter.
 45930 | WizLab   | Found a corrupted altar of Lugonu.
 45953 | WizLab   | Found a transporter.
 45959 | WizLab   | Found a transporter.
 45989 | WizLab   | Found a corrupted altar of Lugonu.
 45993 | WizLab   | Found a transporter.
 46072 | WizLab   | Found a transporter.
 46072 | WizLab   | Found a corrupted altar of Lugonu.
 46126 | WizLab   | Found a transporter.
 46126 | WizLab   | Found a transporter.
 46179 | WizLab   | Found a transporter.
 46246 | WizLab   | Found a transporter.
 46246 | WizLab   | Found a transporter.
 46310 | WizLab   | Found a transporter.
 46346 | WizLab   | Found a transporter.
 46383 | WizLab   | Found a transporter.
 46383 | WizLab   | Found a transporter.
 46440 | WizLab   | Found a transporter.
 46440 | WizLab   | Found a transporter.
 46440 | WizLab   | Found a corrupted altar of Lugonu.
 46449 | WizLab   | Found a corrupted altar of Lugonu.
 46743 | Depths:2 | Found a one-way gate leading to the halls of Pandemonium.
 47094 | Depths:3 | Found Qikhusy's Jewellery Shop.
 47326 | Depths:3 | Found Paur's Assorted Antiques.
 47817 | Depths:4 | Entered Level 4 of the Depths
 47973 | Depths:4 | Identified the ring "Yphijas" {Ice rN+ Int+3 SInv Stlth-}
 47973 | Depths:4 | Noticed Josephina
 47981 | Depths:4 | Killed Josephina
 47998 | Depths:4 | Noticed a golden dragon
 48004 | Depths:4 | Killed a golden dragon
 48166 | Depths:4 | Noticed a golden dragon
 48166 | Depths:4 | Noticed a golden dragon
 48183 | Depths:4 | Killed a golden dragon
 48333 | Depths:4 | Noticed a juggernaut
 48341 | Depths:4 | Killed a juggernaut
 48417 | Depths:4 | Reached XP level 25. HP: 102/209 MP: 0/0
 48417 | Depths:4 | Learned a level 8 spell: Summon Horrible Things
 48567 | Depths:4 | Identified a scroll of acquirement
 48575 | Depths:4 | Acquired a manual of Shields
 48724 | Depths:4 | Found a gate to the Realm of Zot.
 49643 | Crypt:1  | Entered Level 1 of the Crypt
 51586 | Crypt:3  | Entered Level 3 of the Crypt
 52123 | Crypt:3  | Noticed Boris
 52127 | Crypt:3  | Killed Boris
 52454 | Crypt:3  | Reached XP level 26. HP: 200/218 MP: 0/0
 52534 | Crypt:3  | Noticed an ancient lich
 52551 | Crypt:3  | Killed an ancient lich
 52737 | Crypt:3  | Found a staircase to the Tomb.
 52971 | Crypt:3  | Identified the ring of Youthful Indiscretion {Fire Str+3
                  | Dex-5 SInv}
 53110 | Crypt:3  | Identified the ring "Aduschele" {Ice rPois Str-3 Int+5
                  | SInv}
 53118 | Crypt:3  | Identified the ring of Gonoicuh {rN+ Dex+7 SInv}
 53118 | Crypt:3  | Identified the ring "Konuat" {rF- rC+ rN+ Will+}
 53118 | Crypt:3  | Identified the ring of Zoustrib {rC+ rN+ Str+2}
 53135 | Crypt:3  | Identified the +8 storm dragon scales of Failure {rElec
                  | Str+3}
 53989 | Tomb:1   | Entered Level 1 of the Tomb of the Ancients
 54222 | Tomb:1   | Noticed a royal mummy
 54392 | Tomb:1   | Killed a royal mummy
 54801 | Tomb:1   | Identified the +3 leather armour of the Lute {^Drain +Inv
                  | Str+6 Int+4}
 55631 | Vaults:5 | Entered Level 5 of the Vaults
 55726 | Vaults:5 | Identified the amulet "Cadih" {Spirit rC+ Regen+}
 55733 | Vaults:5 | Reached XP level 27. HP: 193/226 MP: 0/0
 55733 | Vaults:5 | Learned a level 9 spell: Polar Vortex
 55737 | Vaults:5 | Reached skill level 27 in Spellcasting
 55737 | Vaults:5 | Reached skill level 27 in Conjurations
 55737 | Vaults:5 | Reached skill level 27 in Hexes
 55737 | Vaults:5 | Reached skill level 27 in Summonings
 55737 | Vaults:5 | Reached skill level 27 in Necromancy
 55737 | Vaults:5 | Reached skill level 27 in Translocations
 55737 | Vaults:5 | Reached skill level 27 in Fire Magic
 55737 | Vaults:5 | Reached skill level 27 in Ice Magic
 55737 | Vaults:5 | Reached skill level 27 in Air Magic
 55737 | Vaults:5 | Reached skill level 27 in Earth Magic
 55737 | Vaults:5 | Reached skill level 27 in Alchemy
 55757 | Vaults:5 | Reached skill level 1 in Evocations
 55765 | Vaults:5 | Reached skill level 27 in Fighting
 55775 | Vaults:5 | Reached skill level 1 in Polearms
 55793 | Vaults:5 | Reached skill level 5 in Shields
 55802 | Vaults:5 | Noticed a dread lich
 55818 | Vaults:5 | Killed a dread lich
 55941 | Vaults:5 | Identified the ring "Todiar" {rF+ rC+ Dex+5 Stlth+}
 56026 | Vaults:5 | Identified the +8 shortbow "Lumm" {heavy, rElec rN+ Str-4}
 56120 | Vaults:5 | Reached skill level 5 in Stealth
 56166 | Vaults:5 | Identified the +6 chain mail of the Wumpus {rElec rF- Str+9
                  | Int+4} (You took it off a deep elf high priest on level 5
                  | of the Vaults)
 56491 | Vaults:5 | Identified the +5 short sword of the Spinneret {flame,
                  | rPois rF- rC- SInv}
 56802 | Vaults:5 | Got a silver rune of Zot
 56986 | Vaults:5 | Identified the +3 scale mail of Wadiado {Int+2}
 57471 | Hell     | Entered the Vestibule of Hell
 57471 | Hell     | Noticed Geryon
 57477 | Hell     | Reached skill level 10 in Dodging
 57478 | Hell     | Killed Geryon
 57496 | Hell     | Reached skill level 5 in Polearms
 57550 | Hell     | Found a gateway to the decaying netherworld of Tartarus.
 57611 | Hell     | Found a gateway to the freezing wastes of Cocytus.
 57662 | Hell     | Reached skill level 10 in Shields
 57967 | Hell     | Found a gateway to the ashen valley of Gehenna.
 58117 | Hell     | Found a gateway to the Iron City of Dis.
 58167 | Coc:1    | Entered Level 1 of Cocytus
 58263 | Coc:1    | Paralysed by a wendigo for 1 turns
 58982 | Coc:3    | Noticed a dread lich
 58986 | Coc:3    | Killed a dread lich
 59345 | Zot:1    | Entered Level 1 of the Realm of Zot
 59355 | Zot:1    | Noticed an orb of fire
 59368 | Zot:1    | Gained mutation: Armour fits poorly on your strangely
                  | shaped body. [an orb of fire]
 59369 | Zot:1    | Gained mutation: You are clumsy. (Dex -2) [an orb of fire]
 59370 | Zot:1    | Killed an orb of fire
 59949 | Zot:1    | Identified the +10 glaive "Tus Opaech" {drain, rElec}
 60099 | Zot:1    | Found a sparkling altar of Nemelex Xobeh.
 60177 | Zot:1    | Noticed an orb of fire
 60182 | Zot:1    | Gained mutation: Your muscles are strong. (Str +4, Int/Dex
                  | -1) [an orb of fire]
 60184 | Zot:1    | Gained mutation: Your body sometimes deteriorates upon
                  | taking damage. [an orb of fire]
 60195 | Zot:1    | Killed an orb of fire
 60271 | Zot:1    | Lost mutation: You are clumsy. (Dex -2) [potion of
                  | mutation]
 60271 | Zot:1    | Lost mutation: Armour fits poorly on your strangely shaped
                  | body. [potion of mutation]
 60271 | Zot:1    | Lost mutation: Your body sometimes deteriorates upon taking
                  | damage. [potion of mutation]
 60271 | Zot:1    | Gained mutation: You have a pair of small antennae on your
                  | head. [potion of mutation]
 60271 | Zot:1    | Gained mutation: You have hidden genetic defects. [potion
                  | of mutation]
 60271 | Zot:1    | Gained mutation: Your spells are a little harder to cast,
                  | but a little more powerful. [potion of mutation]
 60272 | Zot:1    | Lost mutation: Your muscles are strong. (Str +4, Int/Dex
                  | -1) [potion of mutation]
 60272 | Zot:1    | Lost mutation: You have hidden genetic defects. [potion of
                  | mutation]
 60272 | Zot:1    | Lost mutation: You have a pair of small antennae on your
                  | head. [potion of mutation]
 60272 | Zot:1    | Gained mutation: You are agile. (Dex +4, Str/Int -1)
                  | [potion of mutation]
 60272 | Zot:1    | Gained mutation: You are partially covered in iridescent
                  | scales. (AC +2) [potion of mutation]
 60632 | Coc:4    | Noticed a shard shrike
 60632 | Coc:4    | Noticed a shard shrike
 60632 | Coc:4    | Noticed a shard shrike
 60635 | Coc:4    | Killed a shard shrike
 60636 | Coc:4    | Killed a shard shrike
 60636 | Coc:4    | Killed a shard shrike
 60639 | Coc:4    | Noticed a shard shrike
 60640 | Coc:4    | Noticed a shard shrike
 60641 | Coc:4    | Killed a shard shrike
 60661 | Coc:4    | Killed a shard shrike
 60737 | Coc:4    | Noticed a dread lich
 60748 | Coc:4    | Killed a dread lich
 60886 | Coc:5    | Reached skill level 15 in Dodging
 61214 | Coc:7    | Entered Level 7 of Cocytus
 61214 | Coc:7    | Noticed a shard shrike
 61218 | Coc:7    | Killed a shard shrike
 61235 | Coc:7    | Paralysed by a wendigo for 1 turns
 61452 | Coc:7    | Noticed a shard shrike
 61458 | Coc:7    | Killed a shard shrike
 61563 | Coc:7    | Noticed a shard shrike
 61570 | Coc:7    | Killed a shard shrike
 61697 | Coc:7    | Noticed a shard shrike
 61698 | Coc:7    | Noticed a shard shrike
 61701 | Coc:7    | Killed a shard shrike
 61702 | Coc:7    | Killed a shard shrike
 61731 | Coc:7    | Noticed a shard shrike
 61732 | Coc:7    | Noticed a shard shrike
 61734 | Coc:7    | Killed a shard shrike
 61747 | Coc:7    | Killed a shard shrike
 61793 | Coc:7    | Noticed a shard shrike
 61794 | Coc:7    | Killed a shard shrike
 61795 | Coc:7    | Reached skill level 15 in Shields
 61914 | Coc:7    | Identified the staff of Liajazxu {Fly rF+ rC+ Ice}
 62100 | Coc:7    | Noticed a shard shrike
 62111 | Coc:7    | Killed a shard shrike
 62339 | Coc:7    | Noticed a shard shrike
 62344 | Coc:7    | Killed a shard shrike
 62376 | Coc:7    | Identified the ring of Nuilouph {*Corrode rN+ MP+9 Dex+2}
 62376 | Coc:7    | Noticed Antaeus
 62382 | Coc:7    | Noticed a shard shrike
 62390 | Coc:7    | HP: 9/228 [Antaeus/+3 heavy quarterstaff (7)]
 62394 | Coc:7    | Killed a shard shrike
 62631 | Coc:7    | Killed Antaeus
 62728 | Coc:7    | Got an icy rune of Zot
 62733 | Coc:7    | Identified the +2 chain mail of Daraemoy {rF+}
 63693 | Zig:1    | Entered Level 1 of a ziggurat
 63719 | Zig:2    | Entered Level 2 of a ziggurat
 63749 | Zig:3    | Entered Level 3 of a ziggurat
 63815 | Zig:3    | Identified the +6 plate armour "Earthly Heaven" {rC+ Regen+
                  | Str+4 Int+2}
 63822 | Zig:4    | Entered Level 4 of a ziggurat
 63837 | Zig:4    | Identified the +3 ring mail "Doimip" {Will+ Regen+ Int-5
                  | Dex+5}
 63857 | Zig:5    | Entered Level 5 of a ziggurat
 63863 | Zig:5    | Noticed a royal mummy
 63870 | Zig:5    | Killed a royal mummy
 63962 | Zig:5    | Found the +8 autumn katana {manifold assault}
 63970 | Zig:5    | Identified the +1 leather armour of Uskayaw's Delight
                  | {Regen+ Stlth+}
 63991 | Zig:6    | Entered Level 6 of a ziggurat
 64018 | Zig:6    | Identified the +5 plate armour of Limited Liability {rC+
                  | Dex-3 SInv}
 64030 | Zig:7    | Entered Level 7 of a ziggurat
 64064 | Zig:7    | Identified the +5 hand axe "Ciqorchuc" {venom, rN+ Stlth+}
 64078 | Zig:8    | Entered Level 8 of a ziggurat
 64091 | Zig:8    | Reached skill level 5 in Evocations
 64108 | Zig:8    | Identified the +5 scale mail of Poixupsuc {Int+2 Dex+4
                  | SInv}
 64113 | Zig:8    | Identified the +0 robe of Boredom {Fly rN+}
 64126 | Zig:9    | Entered Level 9 of a ziggurat
 64156 | Zig:9    | Identified the +1 falchion of Chaos {freeze, *Corrode rElec
                  | Str+4 Stlth+}
 64174 | Zig:9    | Identified the ring "Zyxer" {rN+ Int+2}
 64198 | Zig:10   | Entered Level 10 of a ziggurat
 64231 | Zig:10   | Found the +7 sceptre of Torment {pain, torment}
 64246 | Zig:10   | Identified the +9 sling of the Mauling Pill Bug {drain,
                  | rPois rC+ Will+ Stlth+}
 64254 | Zig:11   | Entered Level 11 of a ziggurat
 64442 | Zig:11   | Identified the +10 sling of Peace {elec, rElec rC+ Int+5
                  | Stlth+}
 64455 | Zig:11   | Identified the +4 scale mail "Hywos" {^Drain rElec rF++
                  | Dex+4}
 64462 | Zig:11   | Identified the ring "Wuvet" {Ice *Corrode +Blink Fly Str+2}
 64472 | Zig:12   | Entered Level 12 of a ziggurat
 64615 | Zig:12   | Found the +2 hat of the Bear Spirit {Spirit, Bear, *Rage
                  | Will++}
 64635 | Zig:12   | Identified the ring "Qaebbel" {rCorr Str-3 Int+6 Dex+4
                  | Slay+3}
 64641 | Zig:12   | Identified the staff "Giantslayer" {rC+ Str+3 Ice}
 64682 | Zig:13   | Entered Level 13 of a ziggurat
 64687 | Zig:13   | Noticed a dread lich
 64687 | Zig:13   | Noticed a dread lich
 64687 | Zig:13   | Noticed a dread lich
 64696 | Zig:13   | Killed a dread lich
 64698 | Zig:13   | Killed a dread lich
 64700 | Zig:13   | Killed a dread lich
 64847 | Zig:13   | Reached skill level 10 in Evocations
 64859 | Zig:14   | Entered Level 14 of a ziggurat
 64918 | Zig:14   | Acquired a manual of Stealth
 64955 | Zig:15   | Entered Level 15 of a ziggurat
 65007 | Zig:15   | Identified the +3 dagger of Intuition {freeze, Dex+3 SInv}
 65029 | Zig:16   | Entered Level 16 of a ziggurat
 65081 | Zig:16   | Identified the ring "Caucot" {rCorr Dex+4}
 65087 | Zig:16   | Identified the +7 mace of the Toothy God {flame, *Corrode
                  | rC- Dex+7 Stlth+}
 65103 | Zig:17   | Entered Level 17 of a ziggurat
 65221 | Zig:17   | Identified the ring "Kamofah" {Fire Stlth+}
 65264 | Zig:17   | Reached skill level 5 in Invocations
 65268 | Zig:18   | Entered Level 18 of a ziggurat
 65284 | Zig:18   | Reached skill level 10 in Stealth
 65339 | Zig:18   | Identified the +6 dagger "Pyhoribe" {freeze, Dex+7}
 65341 | Zig:18   | Identified the staff of the Key {Will+ Str+3 Earth}
 65353 | Zig:18   | Identified the +12 gold dragon scales "Macannost" {Harm
                  | rPois rF+ rC+ MP+9 Int+3}
 65405 | Zig:19   | Entered Level 19 of a ziggurat
 65501 | Zig:19   | Identified the +8 whip of Yruir {freeze, Will+}
 65506 | Zig:19   | Identified the +6 orcbow "Mulem" {heavy, rCorr}
 65513 | Zig:19   | Identified the ring of Veterol {rElec rCorr Str+3 Int-4}
 65516 | Zig:19   | Identified the +6 dagger of Offence {freeze, rN+ rCorr
                  | Int+3 Dex-5}
 65521 | Zig:19   | Acquired 824 gold pieces
 65523 | Zig:19   | Acquired 1063 gold pieces
 65545 | Zig:20   | Entered Level 20 of a ziggurat
 65559 | Zig:20   | Noticed an ancient lich
 65562 | Zig:20   | Noticed a dread lich
 65564 | Zig:20   | Noticed a dread lich
 65566 | Zig:20   | Killed an ancient lich
 65571 | Zig:20   | Killed a dread lich
 65575 | Zig:20   | Killed a dread lich
 65647 | Zig:20   | Identified the +3 eveningstar of Pomybu {drain, *Rage rC+
                  | rN+ SInv}
 65650 | Zig:20   | Identified the +10 plate armour of Chill Winds {Rampage
                  | rF+}
 65651 | Zig:20   | Identified the +10 falchion "Arcanum" {holy, ^Fragile Int+6
                  | SInv}
 65652 | Zig:20   | Identified the +1 broad axe "Reic" {freeze, rC+ rN+ Int+3
                  | Stlth+}
 65653 | Zig:20   | Identified the +0 great sword of Tane {freeze, rElec Dex+3}
 65677 | Zig:20   | Identified the dragon-blood talisman of the Sun {Str+2
                  | Int+2}
 65682 | Zig:20   | Identified the +1 pair of gloves "Dingun" {rC+ Dex+2
                  | Stlth+}
 65718 | Zig:21   | Entered Level 21 of a ziggurat
 65774 | Zig:21   | Identified the staff of Tomorrow {rC+ Int+3 Ice}
 65775 | Zig:21   | Identified the ring of Wafetwesm {rPois MP+9 Str+3 Int+3
                  | Dex-2}
 65782 | Zig:21   | Identified the ring of the Rescuing Gods {AC+4 Str+3 Dex+3
                  | SInv}
 65789 | Zig:21   | Identified the +5 trident of Terra Cotta {antimagic, *Rage
                  | Int+4}
 65790 | Zig:21   | Identified the +0 sling of Meager Defence {flame, rC++
                  | Will- Int+3 Dex+2}
 65791 | Zig:21   | Identified the serpent talisman "Tetre" {rElec rF+}
 65799 | Zig:21   | Identified the ring "Enah" {Will+ Str+4 SInv}
 65850 | Zig:22   | Entered Level 22 of a ziggurat
 66029 | Zig:22   | Found the +5 Lochaber axe {reach-cleave, Poleaxe ^Drain}
 66061 | Zig:22   | Identified the +7 quarterstaff "Superstore's Peril" {speed,
                  | rCorr Str+3}
 66075 | Zig:22   | Identified the +7 giant club "Xonnorchu" {venom, Stlth+}
 66110 | Zig:23   | Entered Level 23 of a ziggurat
 66116 | Zig:23   | Noticed a shard shrike
 66116 | Zig:23   | Noticed a shard shrike
 66120 | Zig:23   | Killed a shard shrike
 66124 | Zig:23   | Noticed a shard shrike
 66129 | Zig:23   | Killed a shard shrike
 66132 | Zig:23   | Killed a shard shrike
 66137 | Zig:23   | Noticed a shard shrike
 66142 | Zig:23   | Killed a shard shrike
 66143 | Zig:23   | Reached skill level 15 in Evocations
 66146 | Zig:23   | Noticed a shard shrike
 66149 | Zig:23   | Killed a shard shrike
 66276 | Zig:23   | Identified the ring "Opyschod" {Wiz rElec Dex+6}
 66289 | Zig:23   | Identified the +7 demon blade "Dragon's Tongue" {drain,
                  | rCorr}
 66330 | Zig:24   | Entered Level 24 of a ziggurat
 66342 | Zig:24   | Noticed a dread lich
 66344 | Zig:24   | Noticed an ancient lich
 66347 | Zig:24   | Noticed a dread lich
 66353 | Zig:24   | Killed a dread lich
 66356 | Zig:24   | Killed an ancient lich
 66356 | Zig:24   | Killed a dread lich
 66359 | Zig:24   | Noticed a dread lich
 66366 | Zig:24   | Killed a dread lich
 66394 | Zig:24   | Identified the amulet of Pyatu {Faith Harm MP+9 Str+5}
 66402 | Zig:24   | Identified the amulet "Ziniv" {Reflect rF+ MP-9 Str+3 SH+5
                  | Stlth+}
 66411 | Zig:24   | Identified the +1 great sword "Qatwo" {holy, rPois rC+
                  | Dex+2}
 66419 | Zig:24   | Identified the staff of Cowardice {Fly Will+ Earth}
 66473 | Zig:25   | Entered Level 25 of a ziggurat
 66594 | Zig:25   | Found the +6 lightning scales {swift, rElec}
 66615 | Zig:25   | Identified the ring "Rureiwig" {Fire rPois Int+3 Dex-4}
 66629 | Zig:25   | Identified the +1 broad axe of Qiampado {heavy, rCorr}
 66674 | Zig:26   | Entered Level 26 of a ziggurat
 66747 | Zig:26   | Identified the +3 arbalest "Etuah" {drain, rF+}
 66748 | Zig:26   | Identified the +5 dagger of the Demagogue {holy, Fly rC-
                  | rCorr Str+2}
 66756 | Zig:26   | Identified the +8 great sword of Qauceitz {freeze, rPois
                  | rC+ Str+4}
 66757 | Zig:26   | Identified the +2 ring mail of Meceam {Rampage Regen+ Int+2
                  | Dex+3}
 66760 | Zig:26   | Identified the +1 robe "Oddueple" {rPois rF++ Slay-3
                  | Stlth-}
 66763 | Zig:26   | Identified the staff of Eternal Vigilance {rN+ Conj}
 66775 | Zig:26   | Identified the +8 spear of the Philosopher {spect, Int+2}
 66776 | Zig:26   | Identified the +6 great sword "Wiach" {antimagic, ^Contam
                  | Int+3 Dex+3}
 66783 | Zig:26   | Identified the staff "Murmur" {rF+ Str+2 Fire}
 66815 | Zig:27   | Entered Level 27 of a ziggurat
 66857 | Zig:27   | Found the +8 lance "Wyrmbane" {slay drac, rPois rF+ rC+
                  | AC+3}
 66873 | Zig:27   | Noticed Ujoepsiz the pandemonium lord
 66882 | Zig:27   | HP: 10/228 [??? (3)]
 66934 | Zig:27   | HP: 10/228 [deep elf high priest/damnation[a demonspawn
                  | corrupter] (11)]
 66936 | Zig:27   | Killed from afar by a balrug

Illustrated notes

Levels and vault maps discovered:
D:1:      dpeg_chamrin_arrival_tetris, layout_basic, serial_shops, shop
D:2:      layout_basic, ebering_ecumenical_altar_webs, basic_altar,
          chequers_serial_rivers_micro_d, dk_noncrumbling_3
D:3:      layout_basic, nemelex_diamond_rough_becter, serial_shops,
          nicolae_shop_trees
D:4:      layout_rooms, old_standard_altar, uniq_grinder
D:5:      layout_cave_pools, nicolae_ashenzari_panopticon,
          cheibrodos_sewer_entry_bend, gammafunk_ghost_grave,
          nicolae_stop_n_shop_2, chequers_serial_rivers_micro_b
D:6:      lemuel_ice_spiral_2, layout_rooms, temple_pool_b,
          minmay_crystal_water, uniq_jeremiah
D:7:      minmay_chambers_of_fours, layout_basic, kennysheep_opposing_triangles
D:8:      layout_basic, uniq_erica
D:9:      layout_cave_pools, david_orc_5
D:10:     layout_loops_cross, kennysheep_orc_sif_temple, serial_shops,
          nicolae_shop_drivethru
D:11:     layout_roguey, lair_entry_dummy, special_room [special_room_orc],
          serial_shops, nicolae_stop_n_shop_1, nicolae_trove_entry_path_of_doom
D:12:     layout_irregular_city, uniq_kirke, uniq_fannar
D:13:     minmay_nested_s, layout_rooms
D:14:     layout_cave_pools, skrybe_vaults_entry_preservation,
          serial_park_tiny_2, corexii_checkpoint, okawaru_trees_2, uniq_lodul,
          uniq_rupert, uniq_snorg, uniq_jorgrun
D:15:     grunt_enter_depths_hoard, layout_basic, serial_shops,
          nicolae_shop_tiny_real_fake_doors, lemuel_old_faithful
Temple:   nicolae_temple_two_arcs
Lair:1:   layout_loops_ring, minivault_11, minmay_shattered_shrine, uniq_sonja,
          uniq_nergalle
Lair:2:   layout_small_grid, nicolae_swamp_entry_splash_gauntlet,
          nicolae_spider_entry_lesser_pyramids, uniq_harold
Lair:3:   layout_small_grid, portal_ice_cave_rime, kennysheep_abandoned_house,
          lemuel_fruit_tree
Lair:4:   layout_roguey, grunt_megastairs_1
Lair:5:   minmay_lair_end_enchanted_forest, layout_cave_pods, slime_entry_1,
          minivault_23, grunt_forest_small_clearing_treed
Swamp:1:  layout_basic_swamp, infiniplex_staircase_pool, swamp_pool_4,
          nicolae_swamp_very_dense_foliage, nicolae_swamp_nymph_family_reunion,
          uniq_louise
Swamp:2:  layout_basic_swamp, evilmike_swamp_ruin_rubble_2, uniq_donald
Swamp:3:  cheibrodos_swamp_heart_of_darkness, layout_basic_swamp,
          gammafunk_ghost_abyssal_escape, nicolae_swamp_round_clearing
Swamp:4:  swamp_pestilence, layout_basic_swamp, swamp_pool_1_2
Spider:1: layout_cave_pods, hangedman_spider_trapstep, uniq_aizul
Spider:2: nicolae_spider_broodchamber, hangedman_spider_trapstep
Spider:3: layout_chambers, gammafunk_ghost_cemetery
Spider:4: spider_rune_water, nicolae_spider_solar_radiation
Orc:1:    layout_caves, serial_shops, nicolae_shop_pleasant_corner_grove,
          minmay_shop_enchanted_jewellery, trog_butcher_becter
Orc:2:    st_orc_ogre_mass, layout_caves, uniq_saint_roka
Elf:1:    eino_elf_arrival_the_gate, layout_loops_corners, special_room
          [special_room_orc], minmay_elf_demonology
Elf:2:    nicolae_elf_blades_splatter_lattice
          [nicolae_blade_entry_floor_patterns], layout_rooms, serial_shops,
          shop, serial_library_hellmonk_open_square, uniq_agnes
Elf:3:    elf_hall, layout_geoelf_castle, guppyfry_elf_altar
Vaults:1: nicolae_vaults_trapezoid_lopsided_2, nicolae_vaults_back_hallway,
          nicolae_vaults_tetromino_T_1, nicolae_vaults_more_shelving_2,
          v_misc_22, vaults_mumra_minichess, nicolae_vaults_lightning_bolt,
          nicolae_vaults_little_squares_2, hangedman_vaults_corner_blocks,
          nicolae_vaults_trapezoid_2, nicolae_vaults_puzzle_piece,
          nicolae_vaults_storage_closets_3, grunt_vaults_bifocal,
          layout_vaults_omnibox, uniq_asterion
Vaults:2: hangedman_vaults_cutoff, nicolae_vaults_wine_cellar,
          nicolae_vaults_tetromino_Z_1, hangedman_vaults_locks,
          vaults_mumra_bighexcomb, nicolae_vaults_stepped_doors,
          vaults_dpeg_ring, vaults_room_octagon, nicolae_vaults_diamond_1,
          nicolae_vaults_diamond_2, v_misc_17, nicolae_vaults_closet_pinwheel_1,
          v_alt_pattern_6, layout_vaults_omnicross
Vaults:3: v_misc_11, grunt_vaults_hallway_long,
          nicolae_vaults_storage_room_glass, nicolae_vaults_tetromino_T_2,
          v_misc_17, nicolae_vaults_trapezoid_4, nicolae_vaults_alarming,
          minmay_crypt_entry_simple_box, layout_vaults_chaotic_city
Vaults:4: v_misc_28, v_alt_pattern_6, nicolae_vaults_house_2,
          nicolae_vaults_tangram_2, nicolae_vaults_trapezoid_lopsided_1,
          vaults_mumra_hex, ontoclasm_vaults_decontamination,
          nicolae_vaults_rhombus_5, nicolae_vaults_trapezoid_lopsided_1,
          layout_vaults_omnigrid
Vaults:5
Crypt:1:  layout_gridlike, special_room [special_room_morgue],
          grunt_crypt_arrival_split
Crypt:2:  layout_misc_corridors
Crypt:3:  church_of_pain_bobbens, layout_chaotic_city,
          nicolae_tomb_entry_unfolded_pyramid_orthogonal,
          serial_sigils_hangedman_confine
Tomb:1
Depths:1: layout_honeycomb, enter_ziggurat_b, hangedman_tar_grid_catacomb,
          chequers_serial_rivers_small_b, tgw_lugonu_bribe, uniq_boris
Depths:2: nicolae_cairo_tiling_large_dashed, layout_twisted_cross,
          rand_demon_pan_entry_1, infiniplex_enter_wizlab_spiral, abyss_entry,
          pf_coc_iceberg
Depths:3: nzn_winding_woodlands_three_and_one
          [nzn_winding_woodlands_5x15_sidewinder,
          nzn_winding_woodlands_5x15_split_checker,
          nzn_winding_woodlands_5x15_jagged,
          nzn_winding_woodlands_center_triple_pond], layout_cave_pools,
          abyss_entry, hell_entry, serial_shops, shop, shop, bh_walls_and_bars
Depths:4: grunt_zot_entry_bicorn, layout_gridlike, grunt_hell_horde,
          serial_sigils_hangedman_gut, nicolae_wwwww, uniq_josephina
Hell
Coc:1:    layout_ice_bergs
Coc:2:    layout_ice_bergs
Coc:3:    layout_cocytus_water_paths
Coc:4:    layout_cocytus_delve
Coc:5:    layout_cocytus_water_paths
Coc:6:    layout_cocytus_delve
Coc:7:    coc_grunt
Zot:1:    layout_twisted_circle, basic_altar, st_single_dragon_hoard_1,
          st_single_dragon_hoard_4
Zig:27

Skill      XL: |  1  2  3  4  5  6  7  8  9 10 11 12 13 14 15 16 17 18 19 20 21 22 23 24 25 26 27 |
---------------+----------------------------------------------------------------------------------+-----
Fighting       | 1 3 5 6 8 10 12 13 15 16 17 18 19 20 21 22 23 24 25 26 27 | 27.0
Stealth        | 2 3 4 13 | 13.0
Spellcasting   | 4 5 6 7 9 10 11 13 14 15 16 18 19 20 21 22 23 24 25 26 27 | 27.0
Conjurations   | 4 5 6 7 9 10 11 13 14 15 16 18 19 20 21 22 23 24 25 26 27 | 27.0
Hexes          | 4 5 6 7 9 10 11 13 14 15 16 18 19 20 21 22 23 24 25 26 27 | 27.0
Summonings     | 4 5 6 7 9 10 11 13 14 15 16 18 19 20 21 22 23 24 25 26 27 | 27.0
Necromancy     | 4 5 6 7 9 10 11 13 14 15 16 18 19 20 21 22 23 24 25 26 27 | 27.0
Translocations | 4 5 6 7 9 10 11 13 14 15 16 18 19 20 21 22 23 24 25 26 27 | 27.0
Fire Magic     | 4 5 6 7 9 10 11 13 14 15 16 18 19 20 21 22 23 24 25 26 27 | 27.0
Ice Magic      | 4 5 6 7 9 10 11 13 14 15 16 18 19 20 21 22 23 24 25 26 27 | 27.0
Air Magic      | 4 5 6 7 9 10 11 13 14 15 16 18 19 20 21 22 23 24 25 26 27 | 27.0
Earth Magic    | 4 5 6 7 9 10 11 13 14 15 16 18 19 20 21 22 23 24 25 26 27 | 27.0
Alchemy        | 4 5 6 7 9 10 11 13 14 15 16 18 19 20 21 22 23 24 25 26 27 | 27.0
Armour         | 2 7 |  7.3
Dodging        | 3 4 5 6 26 | 26.8
Shields        | 1 2 3 23 | 23.9
Evocations     | 17 | 17.7
Polearms       | 9 |  9.3
Invocations    | 6 |  6.4

Action                     |  1- 3 |  4- 6 |  7- 9 | 10-12 | 13-15 | 16-18 | 19-21 | 22-24 | 25-27 || total
---------------------------+-------+-------+-------+-------+-------+-------+-------+-------+-------++-------
  Melee: Trishula          |       |       |       |       |       |     4 |     4 |       |    12 ||    20
   Cast: Foxfire           |    99 |    82 |   187 |   207 |   323 |    42 |       |       |     2 ||   942
         Scorch            |     7 |     6 |    30 |    66 |    14 |     9 |       |       |     1 ||   133
         Slow              |     3 |     2 |       |     1 |       |       |       |       |       ||     6
         Inner Flame       |       |     3 |    94 |   176 |   287 |   296 |     8 |       |       ||   864
         Flame Wave        |       |       |     1 |       |       |       |       |       |       ||     1
         Searing Ray       |       |       |     1 |    10 |       |     3 |       |       |       ||    14
         Arcjolt           |       |       |       |    36 |   173 |    66 |     5 |       |       ||   280
         Metabolic Englaci |       |       |       |       |     3 |     2 |       |       |       ||     5
         Starburst         |       |       |       |       |    64 |   189 |    58 |     8 |   134 ||   453
         Summon Ice Beast  |       |       |       |       |       |     2 |       |       |       ||     2
         Haunt             |       |       |       |       |       |   254 |    39 |    20 |    10 ||   323
         Plasma Beam       |       |       |       |       |       |       |   529 |   529 |  1219 ||  2277
         Monstrous Menager |       |       |       |       |       |       |     9 |     8 |       ||    17
         Spellforged Servi |       |       |       |       |       |       |       |    55 |    61 ||   116
         Summon Horrible T |       |       |       |       |       |       |       |       |    30 ||    30
         Polar Vortex      |       |       |       |       |       |       |       |       |   143 ||   143
  Evoke: Condenser vane    |       |       |       |       |       |     2 |       |       |       ||     2
         Phial of floods   |       |       |       |       |       |     1 |       |       |       ||     1
         Phantom mirror    |       |       |       |       |       |     1 |       |       |       ||     1
         Sack of spiders   |       |       |       |       |       |     1 |     1 |       |     2 ||     4
         Wand              |       |       |       |       |       |       |       |       |    10 ||    10
         Horn of Geryon    |       |       |       |       |       |       |       |       |     1 ||     1
    Use: Scroll            |     8 |       |     4 |     7 |     5 |     3 |     1 |     1 |    26 ||    55
         Potion            |     6 |       |     4 |       |     1 |     1 |       |     2 |    31 ||    45
 Armour: Robe              |     3 |     6 |    23 |    27 |       |       |       |       |       ||    59
         Troll leather arm |       |       |       |    61 |       |       |       |       |       ||    61
         Animal skin       |       |       |       |       |   281 |   239 |   116 |   162 |   641 ||  1439
  Dodge: Dodged            |     3 |     4 |     8 |    28 |    82 |    92 |    56 |    92 |   454 ||   819
  Block: Buckler           |       |       |       |       |    21 |    34 |    24 |    42 |   148 ||   269
         Reflection        |       |       |       |       |       |     6 |       |       |     5 ||    11
         Kite shield       |       |       |       |       |       |       |       |       |   148 ||   148

Table legend: (Time is in decaauts)
 A = Elapsed time spent in this place.
 B = Non-inter-level travel time spent in this place.
 C = Inter-level travel time spent in this place.
 D = Time resting spent in this place.
 E = Time spent auto-exploring this place.
 F = Levels seen in this place.
 G = Mean time per level.
                   A        B        C        D        E       F      G
               +--------+--------+--------+--------+--------+-----+--------+
         Total |  67059 |  57718 |   9341 |   1190 |  44456 |  87 |  770.8 |
       Dungeon |  18434 |  14785 |   3649 |    235 |  11809 |  15 | 1228.9 |
        Temple |     16 |      9 |      7 |      0 |      0 |   1 |   16.0 |
          Lair |   6369 |   5735 |    634 |      0 |   4656 |   5 | 1273.8 |
         Swamp |   4454 |   3913 |    541 |     13 |   3047 |   4 | 1113.5 |
   Spider Nest |   4323 |   3953 |    370 |    100 |   3112 |   4 | 1080.8 |
  Orcish Mines |   2062 |   1716 |    346 |      0 |   1252 |   2 | 1031.0 |
   Elven Halls |   3121 |   2715 |    406 |      0 |   2269 |   3 | 1040.3 |
        Vaults |   6636 |   5612 |   1024 |      0 |   4694 |   5 | 1327.2 |
         Crypt |   4382 |   3465 |    917 |      0 |   2814 |   3 | 1460.7 |
          Tomb |   1256 |   1069 |    187 |      0 |    807 |   1 | 1256.0 |
        Depths |   4927 |   4144 |    783 |    100 |   3393 |   4 | 1231.8 |
          Hell |    935 |    810 |    125 |      0 |    640 |   1 |  935.0 |
       Cocytus |   3315 |   3020 |    295 |    262 |   2191 |   7 |  473.6 |
           Zot |    980 |    927 |     53 |      0 |    798 |   1 |  980.0 |
      Ziggurat |   3210 |   3210 |      0 |    126 |   1618 |  27 |  118.9 |
         Trove |    109 |    109 |      0 |      0 |     55 |   1 |  109.0 |
         Sewer |    526 |    526 |      0 |    174 |    234 |   1 |  526.0 |
      Ice Cave |   1114 |   1114 |      0 |    131 |    547 |   1 | 1114.0 |
        Wizlab |    882 |    882 |      0 |     49 |    520 |   1 |  882.0 |
               +--------+--------+--------+--------+--------+-----+--------+

Top non-repeatable levels by time:
    D:13: 3498 daAuts
    D:12: 1825 daAuts
 Crypt:3: 1787 daAuts
Depths:4: 1766 daAuts
   Coc:7: 1619 daAuts
Vaults:5: 1487 daAuts
  Lair:1: 1477 daAuts
 Crypt:1: 1462 daAuts
    D:11: 1457 daAuts
Vaults:2: 1443 daAuts
    D:15: 1412 daAuts
Vaults:3: 1408 daAuts
  Lair:2: 1386 daAuts
Depths:1: 1377 daAuts
Spider:3: 1350 daAuts
